 Dungeon Sprint DCSS version 0.28-a0-1524-ge72afd5fc6 (webtiles) character file.

Game seed: 409296584964782404

49 mhtbhm the Shield-Bearer (level 4, -1/39 HPs)
             Began as a Formicid Fighter on Jan 17, 2022.
             Slain by a water elemental (14 damage)
             ... in the Dungeon (Sprint III: "The Ten Rune Challenge").
             The game lasted 00:00:38 (306 turns).

mhtbhm the Shield-Bearer (Formicid Fighter)          Turns: 306, Time: 00:00:38

Health: -1/39      AC:  8    Str: 23    XL:     4   Next: 2%
Magic:  4/4        EV:  9    Int:  7    God:
Gold:   11         SH:  5    Dex: 10    Spells: 3/3 levels left

rFire   . . .      SeeInvis +   a - +0 trident
rCold   . . .      Faith    .   c - +0 buckler
rNeg    . . .      Spirit   .   b - +0 scale mail
rPois   .          Reflect  .   (helmet unavailable)
rElec   .          Harm     .   d - +0 cloak
rCorr   .          Rampage  .   (no gloves)
Will    .....                   (no boots)
Stlth   ..........              (no amulet)
HPRegen 0.13/turn               (no ring)
MPRegen 0.09/turn               (no ring)

@: no status effects
A: permanent stasis, dig shafts and tunnels, antennae 3, four strong arms
a: Dig


You were in the Dungeon.
You visited 1 branch You collected 11 gold pieces.

Inventory:

Hand Weapons
 a - a +0 trident (weapon)
Armour
 b - a +0 scale mail (worn)
 c - a +0 buckler (worn)
 d - a +0 cloak (worn)
Scrolls
 j - 3 scrolls of immolation {unknown}
 l - 2 scrolls of brand weapon {unknown}
Potions
 e - a potion of curing
 f - a potion of heal wounds
 g - 2 potions of magic
 h - 2 potions of lignification {unknown}
 i - 2 potions of mutation {unknown}
 k - a potion of attraction {unknown}
 m - a potion of might
 n - 2 potions of flight


   Skills:
 + Level 5.2 Fighting
 + Level 3.5 Polearms
 + Level 5.1 Armour
 + Level 5.7 Shields


You had 3 spell levels left.
You didn't know any spells.
Your spell library contained the following spells:

 Spells                   Type           Power      Damage    Failure   Level
 Corpse Rot               Necr/Air       0%         N/A       90%         2
 Dispel Undead            Necr           0%         3d6       100%        4
 Death Channel            Necr           0%         N/A       100%        6


Dungeon Overview and Level Annotations

Branches:
Dungeon (1/1)

Altars:


Innate Abilities, Weirdness & Mutations

You cannot be hasted, slowed, berserked, paralysed or teleported.
You can dig through walls and to a lower floor.
You have a pair of large antennae on your head. (SInv)
Your four strong arms can wield two-handed weapons with a shield.


Message History

There is an open door here.
You start resting.
You feel a little less mighty now.
You start resting.
You start resting.
HP restored.
Unknown command.
As you open the door, it creaks loudly!
A water elemental comes into view.
You reach to attack!
You puncture the water elemental!
The water elemental is moderately damaged.
You hit the water elemental.
The water elemental is heavily damaged.
The water elemental closely misses you. You block the water elemental's attack.
You barely miss the water elemental.
The water elemental is heavily damaged.
The water elemental hits you!
The water elemental engulfs you in water!
You completely miss the water elemental.
The water elemental is heavily damaged.
Your lungs strain for air!
The water elemental barely misses you.
You hit the water elemental but do no damage.
The water elemental is heavily damaged.
Your lungs strain for air!
The water elemental hits you!
You are too injured to fight recklessly!
You are too injured to fight recklessly!
You are too injured to fight recklessly!
You are too injured to fight recklessly!
You are too injured to fight recklessly!
You are too injured to fight recklessly!
You are too injured to fight recklessly!
Unknown command.
You slip free of the water engulfing you.
You gasp with relief as air once again reaches your lungs.
You hit the water elemental.
The water elemental is severely damaged.
The water elemental hits you!
You die...

▓▓▓▓▓▓▓▓▓ ▓▓▓
▓<..#...#### ##.#
▓...#......#####..#
▓..##...†...#..#..#{
▓##.##.##...#..#..# #+#+#
##.##.###..##'#..#......
▓#.####.##..###.@E'.⌠....
▓.###..##..####...#...###
▓#.....##..###....# ⌠.#
###..##..)##.....# .#
##..##....#......# #{
#..###..##.#.....# {{
#..# #.. ####....# ▓▓▓▓
▓▓▓ ▓▓▓▓▓▓ { { { {


You could see a water elemental.

Vanquished Creatures
  Crazy Yiuf (D)
  A human (D)
  2 endoplasms (D)
  2 rats (D)
6 creatures vanquished.

Notes
Turn   | Place    | Note
-------+----------+-------------------------------------------
     0 | D        | mhtbhm the Formicid Fighter began the quest for the Orb.
     0 | D        | Reached XP level 1. HP: 18/18 MP: 1/1
    61 | D        | Noticed Crazy Yiuf
    67 | D        | Killed Crazy Yiuf
    68 | D        | Reached skill level 5 in Shields
    68 | D        | Reached XP level 2. HP: 26/26 MP: 2/2
    68 | D        | Reached XP level 3. HP: 32/32 MP: 3/3
    80 | D        | Reached skill level 5 in Fighting
    80 | D        | Reached skill level 5 in Armour
    80 | D        | Reached XP level 4. HP: 10/39 MP: 4/4
   299 | D        | Noticed a water elemental
   306 | D        | Slain by a water elemental

Illustrated notes

Levels and vault maps discovered:
D:        dungeon_sprint_mu [sprint_mu_entry_cave, sprint_mu_temple_rooms,
          sprint_mu_d1_horrors, sprint_mu_d2_genie, sprint_mu_d3_branching,
          sprint_mu_orc_legion, sprint_mu_elf_gauntlet, sprint_mu_hive_nellie,
          sprint_mu_lair_fedhas, sprint_mu_vaults_butterflies,
          sprint_mu_slime_circle, sprint_mu_swamp_cave, sprint_mu_snake_twists,
          sprint_mu_blade_basic, sprint_mu_crypt_chambers,
          sprint_mu_tomb_spiral, sprint_mu_vestibule_basic,
          sprint_mu_gehenna_hellfire, sprint_mu_dis_giant,
          sprint_mu_tartarus_statrot, sprint_mu_cocytus_islands, sprint_mu_zot1]

Skill      XL: |  1  2  3 |
---------------+----------+-----
Shields        | 5 |  5.7
Fighting       | 4 5 |  5.2
Polearms       | 3 |  3.5
Armour         | 4 5 |  5.1

Action                   |  1- 3 |  4- 6 || total
-------------------------+-------+-------++-------
Melee: Trident           |    25 |     6 ||    31
  Use: Potion            |     1 |       ||     1
Armor: Scale mail        |     2 |       ||     2
Dodge: Dodged            |     8 |     2 ||    10
Block: Buckler           |     4 |     1 ||     5

Table legend: (Time is in decaauts)
 A = Elapsed time spent in this place.
 B = Non-inter-level travel time spent in this place.
 C = Inter-level travel time spent in this place.
 D = Time resting spent in this place.
 E = Time spent auto-exploring this place.
 F = Levels seen in this place.
 G = Mean time per level.
                   A        B        C        D        E       F      G
               +--------+--------+--------+--------+--------+-----+--------+
         Total |    311 |    311 |      0 |    190 |     23 |   1 |  311.0 |
       Dungeon |    311 |    311 |      0 |    190 |     23 |   1 |  311.0 |
               +--------+--------+--------+--------+--------+-----+--------+

Top non-repeatable levels by time:
       D: 311 daAuts
